AoeStats
← bubbachambers

Coastal Forest

503216414Analyzed
4v4 RM · 1mo ago on Aug 30, 2026· 70m 36s· 8 players
Game mode
Random Map
Map size
Large (8 player)
Population
200
Speed
Normal
Resources
Standard
Victory
Conquest
Starting age
Dark Age
Ending age
Imperial Age
RankedLock teamsTeams togetherTeam positionsShared explorationLock speedFull tech treeHidden civsTurbo modeCheats
Victory
Defeat
🇨🇦 Magyars · Canada
1034
+14
🇺🇸 Spanish · United States
1032
+14
🇺🇸 Spanish · United States
985
+16
🇺🇸 Celts · United States
944
+18
🇸🇪 Inca · Sweden
1024
-17
🇹🇷 Slavs · Türkiye
989
-16
🇹🇷 Burgundians · Türkiye
973
-15
🇮🇪 Turks · Ireland
972
-15
squeezecheese21
11:16 Feudal Age
12:35 Wheelbarrow
12:21 Loom
12:32 Double-Bit Axe
12:49 Horse Collar
13:51 Wheelbarrow
14:12 Bow Saw
15:08 Hand Cart
14:46 Gold Mining
18:37 Stone Mining
19:24 Gold Shaft Mining
20:11 Stone Shaft Mining
21:16 Forging
21:10 Scale Mail Armor
23:57 Scale Barding Armor
26:33 Castle Age
27:29 Squires
27:54 Squires
29:54 Two-Man Saw
28:58 Heavy Plow
28:45 Pikeman
31:35 Burgundian Vineyards
32:29 Crop Rotation
31:49 Cavalier
33:29 Husbandry
35:54 Light Cavalry
36:36 Town Watch
38:32 Iron Casting
38:17 Chain Barding Armor
38:47 Coinage
39:48 Chain Mail Armor
39:21 Treadmill Crane
39:52 Masonry
43:25 Imperial Age
41:22 Fletching
45:06 Blast Furnace
43:30 Halberdier
44:56 Architecture
45:36 Bodkin Arrow
47:32 Plate Barding Armor
47:41 Plate Mail Armor
47:17 Hussar
49:38 Fortified Wall
50:05 Bracer
50:06 Padded Archer Armor
50:50 Ballistics
51:36 Chemistry
51:55 Leather Archer Armor
55:20 Caravan
55:46 Conscription
55:55 Elite Skirmisher
bubbachambers
10:41 Feudal Age
15:41 Castle Age
14:11 Double-Bit Axe
15:59 Fletching
18:56 Horse Collar
20:25 Wheelbarrow
21:53 Bow Saw
23:37 Town Watch
28:26 Imperial Age
27:52 Loom
28:43 Hand Cart
30:11 Gold Mining
31:26 Heavy Plow
32:30 Two-Man Saw
32:39 Town Patrol
35:08 Gold Shaft Mining
34:23 Stone Mining
35:10 Bodkin Arrow
35:15 Padded Archer Armor
35:26 Thumb Ring
38:06 Scale Barding Armor
38:13 Forging
38:05 Bracer
38:20 Leather Archer Armor
38:41 Artillery
39:03 Conscription
40:13 Ballistics
40:50 Bloodlines
40:41 Husbandry
41:08 Chain Barding Armor
41:24 Iron Casting
robin
8:32 Loom
13:20 Feudal Age
17:41 Castle Age
17:03 Double-Bit Axe
17:17 Fletching
17:20 Gold Mining
19:16 Medium Warships
19:06 Bodkin Arrow
20:57 Bow Saw
22:16 Wheelbarrow
27:13 Town Watch
28:21 Horse Collar
30:42 Heavy Plow
31:19 Gold Shaft Mining
34:36 Ballistics
34:55 Stone Mining
35:25 Hand Cart
39:13 Imperial Age
37:59 Scale Mail Armor
40:25 Heavy Warships
40:07 Bracer
40:21 Forging
40:36 Shipwright
40:31 Careening
40:34 Clinker Construction
40:39 Caravan
43:37 Chain Mail Armor
43:57 Iron Casting
43:48 Conscription
44:50 Crop Rotation
44:21 Town Patrol
44:56 Plate Mail Armor
48:44 Chemistry
47:50 Siege Engineers
48:08 Dry Dock
47:46 Champi Runner
48:27 Squires
48:12 Arson
49:42 Champi Warrior
51:27 Blast Furnace
52:04 Fabric Shields
51:29 Elite Champi Warrior
55:37 Capped Ram
55:45 Pikeman
57:33 Halberdier
58:30 Padded Archer Armor
58:25 Elite Kamayuk
gkhancagatay
2:14 Loom
13:00 Feudal Age
13:46 Double-Bit Axe
21:28 Castle Age
19:51 Bloodlines
19:44 Stone Mining
19:45 Gold Mining
19:42 Horse Collar
20:41 Scale Mail Armor
20:40 Gold Mining
25:32 Scale Barding Armor
26:38 Forging
28:26 Wheelbarrow
28:04 Heavy Plow
28:39 Husbandry
28:56 Town Watch
30:30 Bow Saw
35:20 Imperial Age
35:47 Detinets
36:57 Gold Shaft Mining
36:26 Elite Boyar
38:33 Hand Cart
42:20 Pikeman
43:00 Squires
44:06 Iron Casting
43:46 Chain Mail Armor
43:52 Chain Barding Armor
43:24 Fletching
43:40 Halberdier
46:11 Conscription
46:00 Druzhina
51:57 Blast Furnace
52:14 Plate Barding Armor
52:39 Caravan
54:25 Crop Rotation
54:53 Light Cavalry
57:15 Hoardings
57:29 Hussar
62:00 Plate Mail Armor
67:05 Bodkin Arrow
67:10 Padded Archer Armor
Welches So Wavy
11:38 Loom
13:26 Feudal Age
19:16 Castle Age
17:26 Double-Bit Axe
17:27 Horse Collar
22:40 Wheelbarrow
24:06 Hand Cart
25:57 Medium Warships
26:38 Fishing Lines
28:59 Gillnets
29:29 Heavy Plow
29:42 Bow Saw
35:52 Imperial Age
34:46 Forging
34:36 Scale Mail Armor
34:30 Gold Mining
35:56 Heavy Scorpion
38:15 Chemistry
37:24 Siege Engineers
38:44 Furor Celtica
39:14 Caravan
39:02 Pikeman
40:22 Gambesons
42:27 Heavy Warships
45:26 Conscription
46:35 Iron Casting
46:15 Chain Mail Armor
46:25 Ballistics
46:59 Capped Ram
48:10 Halberdier
49:45 Arson
51:14 Siege Ram
64:08 Onager
Ogopogo
7:46 Loom
12:04 Feudal Age
13:52 Double-Bit Axe
17:51 Castle Age
15:44 Gold Mining
15:41 Horse Collar
16:17 Stone Mining
18:32 Heavy Plow
18:46 Bow Saw
24:38 Wheelbarrow
23:49 Town Watch
25:34 Gold Shaft Mining
26:27 Hand Cart
26:13 Town Patrol
26:26 Town Patrol
31:14 Imperial Age
30:50 Corvinian Army
30:58 Scale Barding Armor
30:44 Fletching
31:59 Chain Barding Armor
33:12 Two-Man Saw
32:50 Crop Rotation
34:34 Conscription
34:53 Bloodlines
34:43 Husbandry
35:21 Recurve Bow
36:40 Elite Magyar Huszar
38:25 Bodkin Arrow
39:05 Plate Barding Armor
38:41 Thumb Ring
39:04 Parthian Tactics
41:43 Caravan
42:25 Heavy Cavalry Archer
44:37 Bracer
44:37 Padded Archer Armor
45:03 Ballistics
45:43 Chemistry
45:48 Murder Holes
46:05 Masonry
46:35 Hoardings
66:58 Coinage
HONOS
4:17 Loom
15:13 Feudal Age
17:01 Double-Bit Axe
21:18 Castle Age
20:20 Gold Mining
22:30 Demolition Ship
24:44 Medium Warships
26:40 Caravan
26:36 Fletching
30:26 Masonry
31:22 Horse Collar
34:54 Wheelbarrow
36:09 Murder Holes
37:22 Inquisition
39:08 Hand Cart
41:39 Forging
41:48 Stone Mining
44:46 Imperial Age
42:03 Town Watch
42:42 Ballistics
42:13 Guard Tower
45:27 Heavy Demolition Ship
49:37 Redemption
49:28 Atonement
49:39 Fervor
49:50 Sanctity
49:46 Block Printing
49:57 Illumination
51:43 Heavy Warships
51:44 Herbal Medicine
58:30 Chemistry
60:21 Bloodlines
60:15 Husbandry
67:49 Supremacy
69:21 Arrowslits
70:33 Cavalier
firestormy
9:30 Loom
11:15 Feudal Age
16:21 Castle Age
15:34 Scale Barding Armor
16:57 Forging
18:18 Chain Barding Armor
18:24 Double-Bit Axe
19:26 Iron Casting
18:38 Horse Collar
19:24 Bloodlines
22:11 Husbandry
25:57 Wheelbarrow
26:53 Heavy Plow
31:45 Hand Cart
31:29 Gold Mining
31:51 Bow Saw
32:57 Town Watch
37:21 Imperial Age
38:38 Plate Barding Armor
37:25 Cavalier
39:25 Two-Man Saw
41:00 Blast Furnace
40:08 Light Cavalry
42:04 Town Patrol
42:22 Paladin
44:59 Hussar
45:34 Fletching
46:06 Ballistics
53:21 Conscription
53:28 Supremacy
56:24 Bodkin Arrow
58:16 Caravan
Connection lost

Rejoining the realm…

Still unreachable

The connection could not be restored.

Session expired

The server has moved on; the page needs a fresh start.